Map: Dusty Gorge

Players

Adversity - Winner!

  • Race: Terran Terran
  • Spawn Location: 11:00

Omaliki - Winner!

  • Race: Terran Terran
  • League: Diamond
  • Spawn Location: 9:00

MixxMastaJrT

  • Race: Terran Terran
  • League: Diamond
  • Spawn Location: 5:00

HelloWorld

  • Race: Terran Terran
  • Spawn Location: 3:00

VOD

Have the link to the VOD?

Description

Time

  • Played on: July 14, 2018, 3:36 p.m.
  • Length: 8:34
Show
View Real Time Build Order
Export as new Build Order

Adversity Terran - Winner!

Build Orders:  

Get SALT Encoding   

  12  0:01  SCV  
  13  0:15  SCV  
  13  0:19  Supply Depot  
  14  0:27  SCV  
  15  0:35  Refinery  
  15  0:41  SCV  
  16  0:47  Barracks  
  16  0:53  SCV  
  17  1:05  SCV  
  17  1:09  Barracks  
  18  1:17  SCV  
  19  1:27  Barracks  
  19  1:35  Reaper  
  20  1:42  Orbital Command  
  20  1:51  Supply Depot  
  20  1:57  Reaper  
  20  2:01  Refinery  
  21  2:07  Reaper  
  22  2:09  SCV  
  23  2:16  Barracks x2  
  23  2:17  Barracks x2, Reaper  
  23  2:18  Supply Depot, Barracks  
  23  2:19  Barracks  
  24  2:28  SCV  
  24  2:31  Reaper  
  25  2:42  SCV  
  26  2:46  Reaper  
  27  2:52  Reaper  
  28  3:00  Command Center  
  28  3:03  Reaper  
  29  3:07  Reaper  
  29  3:12  Reaper  
  31  3:19  Reaper  
  32  3:20  Reaper x3  
  32  3:22  SCV  
  36  3:27  Reaper  
  36  3:31  Reaper  
  38  3:38  Engineering Bay x2  
  38  3:39  Supply Depot  
  39  3:56  Barracks Tech Lab  
  39  4:01  SCV  
  40  4:06  Barracks Tech Lab  
  40  4:07  Marine, Barracks Reactor x2  
  40  4:08  Marine x4  
  40  4:09  Terran Infantry Armor Level 1, Terran Infantry Weapons Level 1  
  40  4:12  Marine  
  40  4:13  Orbital Command  
  40  4:14  Factory  
  40  4:25  Marine  
  40  4:28  Marine x3  
  40  4:29  Marine x3  
  40  4:30  Stimpack  
  47  4:32  SCV  
  48  4:43  Marine  
  49  4:46  Marine  
  50  4:56  Marine x4  
  50  4:57  Marine x2  
  57  5:00  SCV x2  
  56  5:14  Factory Reactor  
  56  5:16  Starport  
  51  5:26  Marine  
  51  5:27  Marine x10  
  60  5:29  SCV x2  
  60  5:41  SCV x2  
  62  5:46  Supply Depot x2, Marine  
  62  5:49  Armory, Supply Depot  
  63  5:55  Barracks Tech Lab  
  63  5:58  SCV x2  
  63  6:02  Marine x2  
  63  6:03  Marine x2  
  66  6:27  Marine x8  
  66  6:29  Marauder x2  
  66  6:30  Concussive Shells, Combat Shield  
  77  6:35  SCV x2  
  77  6:36  Supply Depot  
  77  6:37  Supply Depot  
  79  6:48  Marine x9  
  79  6:50  Marine  
  79  6:53  SCV x2  
  91  6:57  Supply Depot  
  87  7:09  SCV x2  
  87  7:10  Barracks Tech Lab, Marauder  
  87  7:11  Barracks Tech Lab x3, Marauder  
  93  7:21  Medivac x2  
  93  7:22  Barracks Reactor  
  97  7:23  Marine  
  97  7:24  Marine x3  
  101  7:31  Marine, Marauder x4  
  110  7:42  Marine x5  
  113  7:49  Missile Turret, Marine  
  113  7:50  Supply Depot  
  113  7:51  Missile Turret, Supply Depot  
  111  7:52  Supply Depot  
Show
View Real Time Build Order
Export as new Build Order

Omaliki Terran - Winner!

Build Orders:  

Get SALT Encoding   

  12  2:11  SCV  
  13  2:23  Supply Depot, SCV  
  13  2:24  Refinery  
  13  2:25  Refinery  
  14  2:35  SCV  
  15  2:48  SCV  
  16  3:00  SCV  
  17  3:12  SCV  
  18  3:24  SCV  
  19  3:36  SCV  
  21  3:48  SCV  
  21  4:00  SCV  
  19  4:52  SCV  
  16  5:04  SCV  
  17  5:30  SCV  
  18  5:42  SCV  
  19  5:54  SCV  
  20  6:07  SCV  
  19  6:19  SCV  
  20  6:38  SCV  
  21  6:50  SCV  
Show
View Real Time Build Order
Export as new Build Order

MixxMastaJrT Terran 

Build Orders: Liberator Opening 

Get SALT Encoding   

  12  0:01  SCV  
  13  0:13  SCV  
  14  0:25  SCV  
  15  0:33  Supply Depot  
  15  0:37  Refinery  
  15  0:54  SCV  
  16  0:58  Barracks  
  16  1:06  SCV  
  17  1:12  Refinery  
  17  1:19  SCV  
  18  1:31  SCV  
  19  1:46  Orbital Command  
  19  1:49  Factory  
  19  1:50  Barracks Reactor  
  19  1:52  Supply Depot  
  19  2:11  SCV  
  20  2:24  SCV  
  21  2:34  Starport  
  21  2:36  SCV  
  22  2:43  Hellion x2  
  26  2:58  SCV  
  27  3:04  Command Center  
  27  3:11  Liberator  
  27  3:12  SCV  
  30  3:13  Hellion  
  30  3:16  Hellion  
  33  3:34  Hellion  
  33  3:38  Hellion  
  35  3:54  Liberator  
  33  4:05  SCV  
  37  4:20  Hellion x2  
  39  4:37  Liberator  
  39  4:40  Orbital Command  
  39  4:42  Hellion x2  
  33  5:19  Liberator  
  30  5:31  Hellion  
  30  5:32  Hellion  
  37  5:47  SCV  
  37  5:48  SCV  
  39  5:59  SCV  
  25  6:24  Hellion x2  
  29  6:27  Barracks Tech Lab  
  29  6:31  SCV  
  29  6:32  SCV  
  28  6:36  Liberator  
  28  6:45  SCV x2  
  26  7:07  Siege Tank  
  26  7:08  Marine x2  
  25  7:26  Marine x2  
  16  7:44  Marine x2  
  10  8:01  Marine  
Show
View Real Time Build Order
Export as new Build Order

HelloWorld Terran 

Build Orders:  

Get SALT Encoding   

  12  0:01  SCV  
  13  0:13  SCV  
  14  0:18  Supply Depot  
  14  0:27  SCV  
  15  0:40  SCV  
  15  0:41  Barracks  
  16  0:45  Refinery  
  16  0:52  SCV  
  17  1:04  SCV  
  18  1:16  SCV  
  19  1:28  Reaper  
  19  1:32  Orbital Command  
  20  1:35  Supply Depot  
  20  1:38  Refinery  
  20  1:57  SCV  
  21  2:10  SCV, Command Center  
  22  2:19  Barracks Reactor  
  22  2:21  Factory  
  22  2:22  SCV  
  23  2:36  SCV  
  24  2:43  Bunker  
  23  2:49  SCV  
  24  3:02  SCV  
  24  3:04  Factory  
  24  3:07  Cyclone  
  24  3:25  Marine  
  21  4:01  Marine  
  22  4:04  Hellion  
  24  4:13  Cyclone  
  24  4:14  SCV  
  22  4:26  SCV  
  22  4:30  Orbital Command  
  14  4:38  SCV  
  2  5:04  SCV  
  3  5:27  Factory Tech Lab  
  3  5:28  SCV  
  4  5:39  Barracks Tech Lab  
  4  5:40  SCV  
  5  5:52  SCV  
  5  5:56  Orbital Command  
  6  6:04  SCV, Starport  
  7  6:16  SCV  
  4  7:26  Refinery  
  4  7:57  SCV  
  5  8:14  SCV  
Tags
 
Add a new tag
Caveats
  • Supply blocks, unpowered buildings, or Contaminate may cause inaccurate times.
  • Supply counts are checked every 10 seconds.